 Dungeon Crawl Stone Soup version 0.29.1-2-gbd0b4ee654 (webtiles) character file.

Game seed: 8939151164305750784

2 croobank the Caller (level 1, -3/7 HPs)
             Began as a Felid Summoner on Nov 9, 2022.
             Slain by a hobgoblin (5 damage)
             ... on level 1 of the Dungeon.
             The game lasted 00:00:21 (212 turns).

croobank the Caller (Felid Summoner)                 Turns: 212, Time: 00:00:21

Health: -3/7       AC:  1    Str:  4    XL:     1   Next: 33%
Magic:  2/4        EV: 17    Int: 16    God:
Gold:   10         SH:  0    Dex: 16    Spells: 3/4 levels left
                                        Lives:  0   Deaths: 0

rFire   . . .      SeeInvis +   (weapon unavailable)
rCold   . . .      Faith    .   (shield unavailable)
rNeg    . . .      Spirit   .   (body armour unavailable)
rPois   .          Reflect  .   (helmet unavailable)
rElec   .          Harm     .   (cloak unavailable)
rCorr   .          Rampage  .   (gloves unavailable)
Will    .....                   (boots unavailable)
Stlth   ++........              (no amulet)
HPRegen 0.02/turn               (no ring)
MPRegen 0.09/turn               (no ring)

@: quick
A: very small, claws 1, fangs 3, see invisible, speed 1, shaggy fur 1, stealthy
paws, no weapons or thrown items, no armour, multi-lived
a: no special abilities


You were on level 1 of the Dungeon.
You visited 1 branch of the dungeon, and saw 1 of its levels.

You collected 10 gold pieces.

Inventory:

Potions
 a - a potion of magic


   Skills:
 + Level 2.8 Dodging
 + Level 2.8 Stealth
 + Level 2.0 Spellcasting
 + Level 4.0 Summonings


You had 3 spell levels left.
You knew the following spells:

 Your Spells              Type           Power      Damage    Failure   Level
a - Summon Small Mammal   Summ           56%        N/A       4%          1

Your spell library contained the following spells:

 Spells                   Type           Power      Damage    Failure   Level
 Call Imp                 Summ           14%        N/A       6%          2
 Call Canine Familiar     Summ           14%        N/A       12%         3
 Summon Guardian Golem    Hex/Summ       8%         N/A       26%         3
 Summon Lightning Spire   Summ/Air       8%         N/A       65%         4


Dungeon Overview and Level Annotations

Branches:
Dungeon (1/15)

Altars:


Innate Abilities, Weirdness & Mutations

You have sharp claws.
You have razor-sharp teeth.
You have supernaturally acute eyesight. (SInv)
You cover ground quickly. (Speed+)
You are covered in fur. (AC +1)
Your paws help you pounce on unaware monsters.
You are incapable of wielding weapons or throwing items.
You cannot wear armour.
You gain extra lives every three experience levels.


Message History

The dart slug launches a dart at you. The slug dart hits you.
Your bat hits the dart slug.
Casting: Summon Small Mammal (safe; 4% risk of failure)
Confirm with . or Enter, or press ? or * to list all spells.
Your bat disappears in a puff of smoke!
The dart slug bites your rat.
Your rat dies!
Your rat's corpse disappears in a puff of smoke!
You scratch the dart slug. You claw the dart slug.
The dart slug is severely wounded.
You scratch the dart slug.
The dart slug is almost dead.
The dart slug closely misses you.
You scratch the dart slug but do no damage.
You bite the dart slug.
You kill the dart slug!
You see here a dart slug corpse.
You start resting.
Your bat disappears in a puff of smoke!
Magic restored.
You start resting.
HP restored.
A hobgoblin comes into view.
The hobgoblin shouts!
Casting: Summon Small Mammal (safe; 4% risk of failure)
Confirm with . or Enter, or press ? or * to list all spells.
Your rat bites the hobgoblin.
Your rat barely misses the hobgoblin.
Casting: Summon Small Mammal (safe; 4% risk of failure)
Confirm with . or Enter, or press ? or * to list all spells.
The hobgoblin closely misses you.
Your rat barely misses the hobgoblin.
The hobgoblin hits you.
Ouch! That really hurt!
* * * LOW HITPOINT WARNING * * *
Your quokka barely misses the hobgoblin.
Your rat barely misses the hobgoblin.
Your quokka bites the hobgoblin but does no damage.
The hobgoblin hits you.
Ouch! That really hurt!
You die...

##
§.♣.♣♣.[>####...#####
##§..... ## ###.##
..... ..#.# ...#
#.#.# #..# #.#.# #..#
####.#.#
#..###......#
###.###.........###
...!...@g###.####
#...#..rr....# ..
#....##### ....#..#
..#####.# #. #.# .
#.# ..# ##


You could see a hobgoblin (ally target), a friendly quokka (summoned) and a
friendly rat (summoned).

Vanquished Creatures
  A dart slug (D:1)
1 creature vanquished.

Notes
Turn   | Place    | Note
-------+----------+-------------------------------------------
     0 | D:1      | croobank the Felid Summoner began the quest for the Orb.
     0 | D:1      | Reached XP level 1. HP: 7/7 MP: 4/4
   212 | D:1      | Slain by a hobgoblin

Illustrated notes

Levels and vault maps discovered:
D:1:      heliophobic_arrival_enchanted_forest, layout_loops_corners,
          serial_shops, nicolae_shop_behind_doors

Action                   || total
-------------------------++-------
Melee: Unarmed           ||     3
       Punch             ||     1
       Bite              ||     1
 Cast: Summon Small Mamm ||     7
Dodge: Dodged            ||     3
